 Dungeon Crawl Stone Soup version 0.32-a0-799-g95e1662365 (webtiles) character file.

Game seed: 9989271881388458519

80525 tilp the Covert (level 15, -4/120 HPs)
             Began as a Vampire Enchanter on Mar 21, 2024.
             Was the Champion of Wu Jian.
             Slain by an earth elemental (32 damage)
             ... in a volcano on Mar 22, 2024.
             The game lasted 00:56:37 (24768 turns).

tilp the Covert (Vampire Enchanter)                Turns: 24768, Time: 00:56:38

Health: -4/120     AC: 13    Str:  7    XL:     15   Next: 24%
Magic:  26/27      EV: 19    Int: 31    God:    Wu Jian [******]
Gold:   216        SH:  5    Dex: 16    Spells: 19/30 levels left

rFire   . . .        b - +5 scimitar
rCold   + . .        u - +0 buckler
rNeg    . . .        P - +2 leather armour {rC+}
rPois   +            C - +1 helmet of the Oni {Int+7 SInv}
rElec   .            m - +0 cloak {rCorr}
rCorr   +            Q - +0 pair of gloves
SInv    +            A - +2 pair of boots {Stlth+}
Will    +....        (no amulet)
Stlth   ++++++       j - +5 ring of evasion
HPRegen 0.60/turn    T - ring of poison resistance
MPRegen 0.20/turn

%: no passive effects
@: healing quickly, studying Armour
A: alive, fangs 3, see invisible, vampiric 2
a: Exsanguinate, Renounce Religion, Wall Jump, Serpent's Lash, Heavenly Storm


You were in a volcano.
You worshipped Wu Jian.
Wu Jian was exalted by your worship.
You visited 4 branches of the dungeon, and saw 19 of its levels.
You also visited: Bailey, Gauntlet and Volcano.

You collected 1897 gold pieces.
You spent 1681 gold pieces at shops.

Inventory:

Hand Weapons
 a - a +7 dagger of freezing
 b - a +5 scimitar (weapon)
 g - a +4 scimitar of flaming
 y - a +2 quick blade of flaming
Missiles
 e - 46 poisoned darts (quivered)
 f - a curare-tipped dart
 l - 4 throwing nets {!f}
 n - 6 atropa-tipped darts
 G - 3 boomerangs
Armour
 m - a +0 cloak of preservation (worn)
 u - a +0 buckler (worn)
 A - a +2 pair of boots of stealth (worn)
 C - the +1 helmet of the Oni (worn) {Int+7 SInv}
   (You found it on level 6 of the Dungeon)

   Int+7:     It affects your intelligence (+7).
   SInv:      It lets you see invisible.
 P - a +2 leather armour of cold resistance (worn)
 Q - a +0 pair of gloves (worn)
Jewellery
 j - a +5 ring of evasion (left hand)
 v - the ring of Cirej {+Blink Fly MP+9}
   (You found it on level 4 of the Dungeon)

   [ring of flight]

   MP+9:      It affects your magic capacity (+9).
   Fly:       It grants you flight.
   +Blink:    It lets you blink.
 T - a ring of poison resistance (right hand)
Wands
 i - a wand of roots (14)
 k - a wand of light (25)
 w - a wand of flame (30)
 z - a wand of polymorph (18)
 I - a wand of paralysis (8)
 S - a wand of mindburst (8)
Scrolls
 o - 5 scrolls of poison
 t - 10 scrolls of teleportation
 N - a scroll of fear
 X - a scroll of silence
 Z - a scroll of blinking
Potions
 c - 3 potions of invisibility
 d - a potion of resistance
 h - 7 potions of haste
 q - 7 potions of mutation
 r - a potion of lignification
 s - 4 potions of attraction
 x - a potion of magic
 L - 2 potions of cancellation
 M - a potion of curing
 R - a potion of enlightenment
 Y - a potion of berserk rage
Miscellaneous
 F - a condenser vane (inert)
 J - a phial of floods (inert)


   Skills:
 * Level 11.7 Fighting
 - Level 3.1(10.2) Short Blades
 - Level 13.8(14.0) Long Blades
 + Level 4.6 Armour
 * Level 9.6 Dodging
 + Level 14.1 Stealth
 + Level 5.9 Shields
 + Level 8.3 Spellcasting
 + Level 13.6 Hexes
 + Level 5.9 Evocations


You had 19 spell levels left.
You knew the following spells:

 Your Spells              Type           Power      Damage    Failure   Level
a - Ensorcelled Hibernat  Hex/Ice        100%       N/A       1%          2
b - Confusing Touch       Hex            78%        N/A       1%          3
c - Tukima's Dance        Hex            78%        N/A       1%          3
d - Dazzling Flash        Conj/Hex       100%       N/A       1%          3

Your spell library contained the following spells:

 Spells                   Type           Power      Damage    Failure   Level
 Apportation              Tloc           24%        N/A       9%          1
 Freeze                   Ice            48%        1d6       9%          1
 Kiss of Death            Conj/Necr      48%        2d9       9%          1
 Magic Dart               Conj           48%        1d5       9%          1
 Necrotise                Necr           48%        1d6       9%          1
 Sting                    Conj/Alch      48%        1d6       9%          1
 Summon Small Mammal      Summ           48%        N/A       9%          1
 Mercury Vapours          Alch/Air       24%        N/A       13%         2
 Searing Ray              Conj           24%        2d5       13%         2
 Silence                  Hex/Air        26%        N/A       14%         5
 Frozen Ramparts          Ice            24%        1d4       26%         3
 Hailstorm                Conj/Ice       12%        3d6       26%         3
 Mephitic Cloud           Conj/Alch/Air  12%        N/A       26%         3
 Volatile Blastmotes      Fire/Tloc      24%        2d12      26%         3
 Dispel Undead            Necr           12%        3d9       65%         4
 Fulminant Prism          Conj/Alch      6%         3d7       65%         4
 Iskenderun's Mystic Bla  Conj/Tloc      12%        2d5       65%         4
 Olgreb's Toxic Radiance  Alch           12%        N/A       65%         4
 Sticky Flame             Fire/Alch      12%        2d5       65%         4
 Vhi's Electric Charge    Tloc/Air       24%        N/A       65%         4
 Arcjolt                  Conj/Air       6%         1d16      94%         5
 Curse of Agony           Necr           12%        N/A       94%         5
 Maxwell's Capacitive Co  Air            6%         ∞         100%        8


Dungeon Overview and Level Annotations

Branches:
Dungeon (12/15)            Temple (1/1) D:5            Lair (5/5) D:10
  Swamp (0/4) Lair:2       Spider (0/4) Lair:3        Slime (0/5) Lair:5
    Orc (1/2) D:10         Bailey (visited)         Volcano (1/1)
Gauntlet (visited)

Altars:
Ashenzari
Cheibriados
Dithmenos
Fedhas
Gozag
Hepliaklqana
Kikubaaqudgha
Makhleb
Nemelex Xobeh
Okawaru
Qazlal
Ru
Sif Muna
Trog
Uskayaw
Vehumet
Wu Jian
Xom
Yredelemnul
Jiyva

Shops:
D:2 [   D:10 [:=([   D:12 !

Annotations:
D:8 exclusion: obsidian statue
Lair:5 2 transporters, Alarak's ghost, journeyman MDFi


Innate Abilities, Weirdness & Mutations

Your natural rate of healing is accelerated.
You have razor-sharp teeth.
You have supernaturally acute eyesight. (SInv)
You are afflicted with vampirism and can become a bat while bloodless.


Message History

You hit the earth elemental.
The earth elemental is almost destroyed.
The molten gargoyle blasts magma at you!
The bolt of magma misses you. The earth elemental misses you.
The molten gargoyle blasts magma at you!
The bolt of magma hits you!
The molten gargoyle blasts magma at you!
The bolt of magma hits you!
* * * LOW HITPOINT WARNING * * *
There is an open door here.
Your +7 dagger of freezing stops glowing.
b - a +5 scimitar (weapon)
You hit the earth elemental but do no damage.
You bite the earth elemental.
The earth elemental is lightly damaged.
You slash the earth elemental!
The earth elemental is moderately damaged.
The earth elemental hits you!!
* * * LOW HITPOINT WARNING * * *
You slash the earth elemental!
The earth elemental is heavily damaged.
You hit the earth elemental.
The earth elemental is heavily damaged.
You feel much better.
The earth elemental hits you but does no damage.
You barely miss the earth elemental.
The earth elemental is heavily damaged.
You hit the earth elemental but do no damage.
The earth elemental is heavily damaged.
The earth elemental hits you but does no damage.
You hit the earth elemental.
The earth elemental is severely damaged.
The molten gargoyle blasts magma at you!
The bolt of magma hits the earth elemental!
The earth elemental partially resists.
The bolt of magma hits you!!
* * * LOW HITPOINT WARNING * * *
You hit the earth elemental but do no damage.
The earth elemental is severely damaged.
The earth elemental hits you!!
You die...

## ### ##.## ##.##
##...###..≈##
##..).9#...≈≈##
#....EE#....≈≈#
#..#####@...[.≈#
#'.##≈#≈##.....≈# #
#######≈≈○≈≈#.[∩..≈#
#####≈##').≈≈○≈≈#..[..≈#
.≈≈≈≈≈≈.#...≈≈≈.+...).≈#
..≈☼≈≈..##.○.≈..#....≈≈#
..☼☼☼≈..###.....#...≈≈##
#..☼☼..## ##...###..###
#☼.≈≈.☼# ##.## ##.#


You could see 2 earth elementals and a molten gargoyle.

Vanquished Creatures
  An orc warlord (Orc:1)
  A minotaur (Gauntlet)
  An ice dragon (Lair:5)
  2 catoblepae
  Harold (Orc:1)
  Erica (D:11)
  8 hydras
  3 boulder beetles
  A centaur warrior (D:9)
  6 two-headed ogres
  9 death yaks
  2 hell hogs
  An orc high priest (Orc:1)
  Urug (Lair:5)
  Nergalle (Orc:1)
  2 skysharks
  A fire crab (Lair:5)
  2 large abominations (Gauntlet)
  2 bog bodies (Lair:2)
  2 lindwurms (Lair:5)
  Pikel (D:8)
  2 ugly things
  An oklob plant (Lair:1)
  A manticore (D:11)
  Maurice (D:12)
  6 elephants (Lair:5)
  A kobold blastminer (Orc:1)
  A molten gargoyle (Volcano)
  5 black mambas
  10 cane toads
  10 komodo dragons
  A kobold demonologist (D:7)
  6 torpor snails
  An unseen horror (D:12)
  4 rime drakes
  3 efreet (Volcano)
  2 trolls
  11 polar bears
  3 tyrant leeches (Lair:5)
  8 hornets
  5 blink frogs (Lair:1)
  6 raiju (Lair:5)
  4 dream sheep
  A vampire (D:9)
  2 jumping spiders (Lair:3)
  6 shadows
  6 slime creatures (D:11)
  5 wraiths
  2 culicivoras (Lair:3)
  31 yaks
  2 fire bats (Gauntlet)
  2 wyverns
  A water elemental (D:12)
  2 basilisks
  A steam dragon (D:10)
  3 fire elementals (Volcano)
  7 wargs
  5 redbacks (Lair:3)
  4 vampire mosquitoes (D:12)
  3 acid dragons
  13 water moccasins
  13 hell hounds
  12 black bears
  7 ice beasts
  2 sky beasts
  9 orc warriors
  21 wolves
  3 ogres
  2 centaurs
  A lemure (D:8)
  2 kobold brigands
  14 bullfrogs
  6 small abominations (Gauntlet)
  3 wights (D:10)
  4 electric eels
  4 howler monkeys
  4 hounds
  2 bombardier beetles (D:5)
  3 jellies
  7 orc priests
  2 sleepcaps
  3 iguanas
  13 orc wizards
  6 hell rats (Lair:2)
  17 gnolls
  9 adders
  2 white imps
  3 dart slugs
  51 orcs
  3 endoplasms
  3 giant cockroaches
  6 goblins
  5 hobgoblins
  13 jackals
  6 quokkas
  11 ball pythons
  12 bats
  4 frilled lizards
  14 kobolds
  4 rats
  A butterfly (Lair:1)
544 creatures vanquished.

Vanquished Creatures (collateral kills)
  An orc knight (Bailey)
  Maggie (D:7)
  Jeremiah (D:7)
  An efreet (D:9)
  Psyche (D:8)
  A steam dragon (D:9)
  2 orc warriors (Orc:1)
  5 wights
  An orc priest (D:9)
  An orc wizard (Orc:1)
  6 gnolls
  3 orcs
  5 kobolds (D:9)
29 creatures vanquished.

Vanquished Creatures (others)
  A yak (Lair:5)
1 creature vanquished.

Grand Total: 574 creatures vanquished

Notes
Turn   | Place    | Note
-------+----------+-------------------------------------------
     0 | D:1      | tilp the Vampire Enchanter began the quest for the Orb.
     0 | D:1      | Reached XP level 1. HP: 13/13 MP: 3/3
   141 | D:1      | Reached XP level 2. HP: 15/19 MP: 5/5
   158 | D:1      | Learned a level 2 spell: Ensorcelled Hibernation
   461 | D:1      | Found a faded altar of an unknown god.
   512 | D:1      | Gained mutation: You are afflicted with vampirism and can
                  | become a bat while bloodless. [Vampire growth]
   512 | D:1      | Reached XP level 3. HP: 25/25 MP: 6/6
   709 | D:1      | Reached skill level 1 in Long Blades
  1339 | D:2      | Reached skill level 1 in Fighting
  1376 | D:2      | Found Ufem Wasea's Armour Shoppe.
  1445 | D:2      | Bought a +0 helmet for 63 gold pieces
  1832 | D:3      | Reached skill level 1 in Armour
  1832 | D:3      | Reached XP level 4. HP: 18/32 MP: 1/7
  2471 | D:3      | Learned a level 3 spell: Confusing Touch
  2568 | D:3      | Reached XP level 5. HP: 35/37 MP: 3/8
  2902 | D:2      | Bought a +0 pair of boots for 63 gold pieces
  3016 | D:4      | Found an iron altar of Okawaru.
  3234 | D:4      | Learned a level 3 spell: Tukima's Dance
  3290 | D:4      | Reached skill level 1 in Evocations
  3348 | D:4      | Reached skill level 1 in Shields
  3436 | D:4      | Reached skill level 5 in Stealth
  3502 | D:4      | Reached skill level 5 in Hexes
  3708 | D:4      | Identified the ring of Cirej {+Blink Fly MP+9}
  4356 | D:5      | Entered Level 5 of the Dungeon
  4356 | D:5      | Noticed an ogre
  4358 | D:5      | Reached XP level 6. HP: 44/44 MP: 9/9
  4712 | D:5      | Found a staircase to the Ecumenical Temple.
  4756 | Temple   | Found a transporter.
  4756 | Temple   | Found a transporter.
  4756 | Temple   | Found a transporter.
  4756 | Temple   | Found a transporter.
  4756 | Temple   | Entered the Ecumenical Temple
  4776 | Temple   | Became a worshipper of the Wu Jian Council
  4894 | D:5      | Reached XP level 7. HP: 24/50 MP: 10/10
  5016 | D:5      | Noticed a two-headed ogre
  5035 | D:5      | Killed a two-headed ogre
  5036 | D:5      | Reached skill level 6 in Stealth
  5036 | D:5      | Reached XP level 8. HP: 36/58 MP: 8/12
  5192 | D:5      | Found an opulent altar of Gozag.
  5622 | D:6      | Identified the +1 helmet of the Oni {Int+7 SInv}
  5671 | D:6      | Learned a level 3 spell: Dazzling Flash
  5806 | D:6      | Noticed a troll
  5816 | D:6      | Killed a troll
  5817 | D:6      | Reached skill level 7 in Stealth
  5891 | D:6      | Reached XP level 9. HP: 65/65 MP: 14/14
  6044 | D:6      | Identified the amulet of Ycwuamm {Acrobat -Tele Will+ Str+6
                  | Slay+2}
  6096 | D:6      | Found a shadowy altar of Dithmenos.
  6097 | D:6      | Found a hazy altar of Hepliaklqana.
  6143 | D:6      | Reached * piety under Wu Jian
  6709 | D:7      | Reached skill level 5 in Long Blades
  6713 | D:7      | Found a broken altar of Ashenzari.
  6749 | D:7      | Noticed Maggie
  6758 | D:7      | Killed Maggie
  6935 | D:7      | Reached skill level 5 in Dodging
  6947 | D:7      | Noticed Jeremiah
  7209 | D:7      | Killed Jeremiah
  7210 | D:7      | Reached skill level 5 in Fighting
  7257 | D:7      | Noticed a kobold demonologist
  7263 | D:7      | Killed a kobold demonologist
  7264 | D:7      | Reached skill level 8 in Stealth
  7591 | D:8      | Noticed Psyche
  7605 | D:8      | Killed Psyche
  7606 | D:8      | Reached XP level 10. HP: 74/74 MP: 13/16
  7659 | D:8      | Found a flagged portal.
  7730 | Bailey   | Entered a bailey
  7977 | Bailey   | Noticed an orc knight
  7988 | Bailey   | Killed an orc knight
  7993 | Bailey   | Reached ** piety under Wu Jian
  8174 | Bailey   | Reached skill level 10 in Stealth
  8174 | Bailey   | Reached skill level 5 in Spellcasting
  8174 | Bailey   | Reached XP level 11. HP: 84/84 MP: 19/19
  8249 | D:8      | Noticed an obsidian statue
  8395 | D:8      | Noticed Pikel
  8414 | D:8      | Killed Pikel
  9033 | D:9      | Noticed a centaur warrior
  9033 | D:9      | Noticed a two-headed ogre
  9052 | D:9      | Killed a centaur warrior
  9064 | D:9      | Killed a two-headed ogre
  9320 | D:9      | Noticed a two-headed ogre
  9327 | D:9      | Killed a two-headed ogre
 10021 | D:9      | Noticed a two-headed ogre
 10023 | D:9      | Killed a two-headed ogre
 10024 | D:9      | Reached skill level 10 in Hexes
 10317 | D:2      | Bought a +2 leather armour of cold resistance for 266 gold
                  | pieces
 10504 | D:10     | Entered Level 10 of the Dungeon
 10504 | D:10     | Found Iwyegann's Book Emporium.
 10504 | D:10     | Found Muarer's Jewellery Shop.
 10560 | D:10     | Found Bewo's Armour Shop.
 10566 | D:10     | Bought a +0 pair of gloves for 49 gold pieces
 10613 | D:10     | Reached skill level 11 in Stealth
 10735 | D:10     | Reached *** piety under Wu Jian
 10958 | D:10     | Found a staircase to the Lair.
 11017 | D:10     | Found a staircase to the Orcish Mines.
 11066 | D:10     | Found Boxef's Weapon Emporium.
 11243 | D:10     | Reached XP level 12. HP: 94/94 MP: 21/21
 11331 | D:10     | Noticed a two-headed ogre
 11337 | D:10     | Killed a two-headed ogre
 11424 | D:10     | Found Oniamuwe's Armour Emporium.
 11812 | D:11     | Noticed a boulder beetle
 11813 | D:11     | Killed a boulder beetle
 11882 | D:11     | Noticed a boulder beetle
 11888 | D:11     | Killed a boulder beetle
 11971 | D:11     | Noticed a two-headed ogre
 11980 | D:11     | Killed a two-headed ogre
 11981 | D:11     | Reached skill level 12 in Stealth
 12122 | D:11     | Reached skill level 10 in Long Blades
 12234 | D:11     | Noticed Erica
 12236 | D:11     | Killed Erica
 12536 | Lair:1   | Entered Level 1 of the Lair of Beasts
 12559 | Lair:1   | Identified the +4 leather armour of Lifelessness {rC+ Str+3
                  | Int-5 Slay+3}
 12859 | D:10     | Bought a ring of poison resistance for 280 gold pieces
 12976 | Lair:1   | Reached **** piety under Wu Jian
 13795 | Lair:2   | Reached skill level 10 in Fighting
 13928 | Lair:2   | Noticed a death yak
 13928 | Lair:2   | Noticed a death yak
 13929 | Lair:2   | Noticed a death yak
 13951 | Lair:2   | Killed a death yak
 13952 | Lair:2   | Reached XP level 13. HP: 80/103 MP: 11/23
 14084 | Lair:2   | Found a staircase to the Swamp.
 14793 | Lair:2   | Found a staircase to the Swamp.
 16037 | Lair:3   | Identified the +1 mace of Disaster {drain, Dex+4}
 16246 | Lair:3   | Found a hole to the Spider Nest.
 16494 | Lair:3   | Reached ***** piety under Wu Jian
 17808 | Lair:5   | Entered Level 5 of the Lair of Beasts
 17823 | Lair:5   | Noticed Urug
 17824 | Lair:5   | Killed Urug
 17860 | Lair:5   | Found a burning altar of Makhleb.
 17860 | Lair:5   | Found a viscous altar of Jiyva.
 17860 | Lair:5   | Found a staircase to the Slime Pits.
 17892 | Lair:5   | Reached XP level 14. HP: 110/111 MP: 14/24
 17938 | Lair:5   | Found a transporter.
 17940 | Lair:5   | Found a transporter.
 17949 | Lair:5   | Noticed Alarak's ghost (journeyman MDFi)
 17965 | Lair:5   | Found a gate leading to a gauntlet.
 17985 | Gauntlet | Entered a Gauntlet
 17985 | Gauntlet | Found a transporter.
 17985 | Gauntlet | Found a transporter.
 18043 | Gauntlet | Found a transporter.
 18043 | Gauntlet | Found a transporter.
 18069 | Gauntlet | Found a transporter.
 18077 | Gauntlet | Found a transporter.
 18077 | Gauntlet | Found a transporter.
 18083 | Gauntlet | Found a transporter.
 18112 | Gauntlet | Found a transporter.
 18119 | Gauntlet | Found a transporter.
 18155 | Gauntlet | Found a transporter.
 18170 | Gauntlet | Found a transporter.
 18184 | Gauntlet | Found a transporter.
 18273 | Gauntlet | Found a transporter.
 18284 | Gauntlet | Found a transporter.
 18298 | Gauntlet | Found a transporter.
 19273 | Gauntlet | Identified the +0 trident of Rumopa {antimagic, rN+ Str+4
                  | Int+4}
 19301 | Gauntlet | Identified the +1 halberd of Insufficient Pleasure {flame,
                  | *Rage rN++}
 19302 | Gauntlet | Got Sif Muna's Lessons on the Fetid Blink Frog
 19711 | Lair:5   | Identified the +8 spear "Qynar" {protect, Fly rElec rF++
                  | rCorr Dex-5}
 19724 | Lair:5   | Reached skill level 5 in Shields
 19729 | Lair:5   | Reached skill level 13 in Stealth
 19886 | Lair:5   | Reached skill level 5 in Evocations
 21290 | Lair:5   | Reached ****** piety under Wu Jian
 21862 | Lair:5   | Identified the +0 ring mail of Pride {-Cast Rampage rC++}
 22667 | Lair:5   | Reached XP level 15. HP: 116/119 MP: 23/27
 22912 | D:10     | Bought a manual of Armour for 960 gold pieces
 22985 | D:12     | Found Julioh's Distillery.
 23680 | D:12     | Noticed Maurice
 23683 | D:12     | Killed Maurice
 24002 | Orc:1    | Entered Level 1 of the Orcish Mines
 24002 | Orc:1    | Noticed Harold
 24009 | Orc:1    | Killed Harold
 24118 | Orc:1    | HP: 3/119 [warg[an orc warlord] (13)]
 24121 | Orc:1    | Reached skill level 14 in Stealth
 24121 | Orc:1    | Noticed Nergalle
 24162 | Orc:1    | Killed Nergalle
 24163 | Orc:1    | HP: 5/116 [poisoned by Nergalle]
 24250 | Orc:1    | Found a dark tunnel.
 24366 | Volcano  | Entered a volcano
 24366 | Volcano  | Found a blossoming altar of Fedhas.
 24768 | Volcano  | Slain by an earth elemental

Illustrated notes

Levels and vault maps discovered:
D:1:      amcnicky_arrival_flooded_fountain, layout_basic,
          ebering_ecumenical_altar_sacrificial,
          nicolae_concentric_dashed_squares_mild
D:2:      layout_loops_ring, serial_shops, nicolae_shop_tiny_waterfront,
          kennysheep_generic_room_12
D:3:      kennysheep_six_static_rooms, layout_loops_ring
D:4:      layout_layer_cave, okawaru_trees_2
D:5:      layout_loops_ring, lemuel_crystal_altar,
          minmay_temple_entry_purple_smoke
D:6:      layout_gridville, riverfiend_overflow_shadow_ancestor
D:7:      wander_river, layout_loops_ring, evilmike_ruin_ashenzari, uniq_maggie,
          uniq_jeremiah
D:8:      minmay_statue_hallways, layout_basic, enter_bailey_3,
          kennysheep_generic_room_5, uniq_pikel, uniq_psyche
D:9:      layout_gridville, lightli_fourway_metalbox
D:10:     layout_basic, hellmonk_lair_entry_icy, serial_shops, shop, shop_coins,
          shop, nicolae_shop_rolling_square, shop
D:11:     layout_roguey, kennysheep_generic_room_9, uniq_erica
D:12:     layout_basic, serial_shops, shop, uniq_maurice
Temple:   hellmonk_temple_divided_pantheon
Lair:1:   layout_regular_city, minmay_lair_oklob_items,
          chequers_serial_rivers_marsh, lemuel_fruit_fields
Lair:2:   layout_layer_cave, skrybe_swamp_entry_bodies, wad_woods_road_01,
          minivault_25, mumra_transporter_accident
Lair:3:   minmay_lair_venomous_thicket, layout_loops_ring,
          nicolae_spider_entry_tight_spaces
Lair:4:   layout_regular_city, grunt_megastairs_5, serial_bayou_shore_b
Lair:5:   wormcave, layout_layer_cave, hangedman_lair_caniforms_friends,
          slime_entry_1, basic_altar, gauntlet_entry_generic,
          gammafunk_ghost_hive, minivault_11, grunt_megastairs_3, uniq_urug
Orc:1:    layout_diamond_mine, enter_volcano_1, uniq_fannar, uniq_harold,
          uniq_erolcha, uniq_nergalle
Volcano:  volcano_aerie

Skill      XL: |  1  2  3  4  5  6  7  8  9 10 11 12 13 14 15 |
---------------+----------------------------------------------+-----
Long Blades    | 1 2 3 4 5 7 9 11 13 | 13.8
Fighting       | 1 2 3 4 5 7 8 10 11 | 11.7
Armour         | 1 2 3 4 |  4.6
Short Blades   | 2 3 |  3.1
Dodging        | 3 4 5 6 9 |  9.6
Evocations     | 1 2 3 4 5 |  5.9
Shields        | 1 2 3 4 5 |  5.9
Stealth        | 5 6 7 8 10 11 12 13 14 | 14.1
Hexes          | 5 6 7 9 10 12 13 | 13.6
Spellcasting   | 3 4 5 6 7 8 |  8.3

Action                     |  1- 3 |  4- 6 |  7- 9 | 10-12 | 13-15 || total
---------------------------+-------+-------+-------+-------+-------++-------
  Melee: Dagger            |   134 |   153 |    87 |   362 |   631 ||  1367
         Bite              |    16 |     6 |     6 |    43 |    93 ||   164
         Scimitar          |       |       |       |       |    48 ||    48
  Throw: Dart              |       |       |       |     1 |     4 ||     5
   Cast: Ensorcelled Hiber |     6 |    28 |    36 |   105 |   222 ||   397
         Confusing Touch   |       |     1 |     9 |    24 |    44 ||    78
         Tukima's Dance    |       |       |     7 |    19 |     2 ||    28
         Dazzling Flash    |       |       |       |     5 |    35 ||    40
Ability: Lunge             |       |     3 |    19 |    58 |    69 ||   149
         Whirlwind         |       |       |     3 |    13 |    20 ||    36
  Evoke: Wand              |       |       |       |       |     3 ||     3
         Phial of floods   |       |       |       |       |     1 ||     1
         Condenser vane    |       |       |       |       |     1 ||     1
    Use: Scroll            |     4 |     3 |     6 |    11 |    14 ||    38
         Potion            |       |       |       |     1 |     8 ||     9
   Stab: Sleeping          |    13 |    26 |    30 |    97 |   177 ||   343
         Distracted        |       |     1 |       |       |     2 ||     3
         Confused          |       |       |     6 |    19 |    26 ||    51
         Invisible         |       |       |       |     3 |    29 ||    32
         Petrified         |       |       |       |       |     3 ||     3
         Petrifying        |       |       |       |       |     1 ||     1
 Armour: Robe              |    85 |    49 |    20 |    40 |       ||   194
         Leather armour    |       |       |       |    67 |   308 ||   375
  Dodge: Dodged            |    92 |   110 |    40 |   199 |   456 ||   897
  Block: Buckler           |       |    10 |    10 |    75 |   135 ||   230

Table legend: (Time is in decaauts)
 A = Elapsed time spent in this place.
 B = Non-inter-level travel time spent in this place.
 C = Inter-level travel time spent in this place.
 D = Time resting spent in this place.
 E = Time spent auto-exploring this place.
 F = Levels seen in this place.
 G = Mean time per level.
                   A        B        C        D        E       F      G
               +--------+--------+--------+--------+--------+-----+--------+
         Total |  24478 |  22945 |   1533 |   3006 |  14825 |  22 | 1112.6 |
       Dungeon |  13138 |  12020 |   1118 |    878 |   8947 |  12 | 1094.8 |
        Temple |     34 |     25 |      9 |      0 |      0 |   1 |   34.0 |
          Lair |   8795 |   8390 |    405 |   1639 |   5119 |   5 | 1759.0 |
  Orcish Mines |    347 |    347 |      0 |     98 |      0 |   1 |  347.0 |
        Bailey |    449 |    449 |      0 |    113 |     80 |   1 |  449.0 |
       Volcano |    374 |    374 |      0 |    241 |      6 |   1 |  374.0 |
      Gauntlet |   1338 |   1338 |      0 |     37 |    672 |   1 | 1338.0 |
               +--------+--------+--------+--------+--------+-----+--------+

Top non-repeatable levels by time:
  Lair:5: 3069 daAuts
  Lair:2: 2197 daAuts
  Lair:4: 1575 daAuts
     D:4: 1418 daAuts
Gauntlet: 1338 daAuts
    D:10: 1292 daAuts
     D:9: 1288 daAuts
     D:5: 1172 daAuts
     D:6: 1145 daAuts
     D:3: 1144 daAuts
    D:12: 1050 daAuts
     D:1: 1018 daAuts
  Lair:3: 977 daAuts
  Lair:1: 975 daAuts
     D:7: 945 daAuts
